General information
			
			
        
        - name: BNet
 
        - type: Ladder team game (AT/RT)
 
        - host: Battle.net
 
        - saver: TALONSAREIMBA
 
        
map: LostTemple 
        - players: 4
 
        - length: 14:55
 
        - speed: Fast
 - version: 1.22 W3XP
 - replay type:  Public
 
» download(90 KB)
Players
        team 1 (winner) 
              
              
» 
Rush[yyz] (
purple | 100 APM | 1494 actions | 14:54)
              
 4 Blademaster 
 2 Wind Walk
 2 Critical Strike
 3 Shadow Hunter 
 1 Hex
 2 Healing Wave
 
                » actions 
                
                | Assign group hotkey | 34 |  | 
| Basic commands | 115 |  | 
| Build / train | 50 |  | 
| Enter build submenu | 14 |  | 
| Enter hero's abilities submenu | 7 |  | 
| Give item / drop item | 3 |  | 
| Right click | 606 |  | 
| Select / deselect | 209 |  | 
| Select group hotkey | 381 |  | 
| Use ability | 75 |  | 
                1494 total
 » units 
                
                | Peon | 7 |  | 
| Grunt | 4 |  | 
| Spirit Walker | 5 |  | 
| Raider | 4 |  | 
| Kodo Beast | 3 |  | 
| Demolisher | 1 |  | 
                24 total
 » upgrades
                
                | Spirit Walker Training | 1 |  | 
| Ensnare | 1 |  | 
| Armor | 1 |  | 
| War Drums Damage Increase | 1 |  | 
| Pillage | 1 |  | 
                5 total
 » buildings
                
                | Altar of Storms | 1 |  | 
| Orc Burrow | 7 |  | 
| Barracks | 1 |  | 
| Voodoo Lounge | 1 |  | 
| Stronghold | 1 |  | 
| War Mill | 1 |  | 
| Beastiary | 2 |  | 
| Spirit Lodge | 1 |  | 
| Fortress | 2 |  | 
                17 total
 » build order
                00:05 Altar of Storms
00:19 Orc Burrow
00:34 Barracks
01:29 Orc Burrow
01:50 Voodoo Lounge
02:48 Stronghold
03:30 War Mill
05:17 Beastiary
05:18 Spirit Lodge
06:32 Orc Burrow
06:36 Orc Burrow
06:37 Fortress
06:38 Fortress
07:06 Beastiary
09:55 Orc Burrow
12:15 Orc Burrow
12:18 Orc Burrow
» items
                
                | Orb of Lightning | 1 |  | 
| Potion of Healing | 1 |  | 
| Lesser Clarity Potion | 1 |  | 
| Healing Salve | 2 |  | 
| Scroll of Speed | 1 |  | 
                6 total
  
               
              
              
TALONSAREIMBA (
yellow | 123 APM | 1835 actions | 14:55)
              
 4 Tauren Chieftain 
 2 War Stomp
 2 Endurance Aura
 2 Shadow Hunter 
 1 Hex
 1 Healing Wave
 
                » actions 
                
                | Assign group hotkey | 30 |  | 
| Basic commands | 106 |  | 
| Build / train | 50 |  | 
| Enter build submenu | 12 |  | 
| Enter hero's abilities submenu | 6 |  | 
| Right click | 874 |  | 
| Select / deselect | 438 |  | 
| Select group hotkey | 279 |  | 
| Use ability | 40 |  | 
                1835 total
 » units 
                
                | Peon | 6 |  | 
| Troll Headhunter/Berserker | 25 |  | 
| Troll Witch Doctor | 1 |  | 
                32 total
 » upgrades
                
                | Ranged Weapons | 2 |  | 
| Witch Doctor Training | 2 |  | 
| Berserker Upgrade | 1 |  | 
| Reinforced Defenses | 1 |  | 
                6 total
 » buildings
                
                | Altar of Storms | 1 |  | 
| Orc Burrow | 4 |  | 
| War Mill | 1 |  | 
| Barracks | 1 |  | 
| Voodoo Lounge | 2 |  | 
| Stronghold | 1 |  | 
| Fortress | 1 |  | 
| Spirit Lodge | 1 |  | 
                12 total
 » build order
                00:03 Altar of Storms
00:05 Orc Burrow
00:23 War Mill
00:52 Barracks
02:04 Voodoo Lounge
02:24 Orc Burrow
03:49 Orc Burrow
06:31 Stronghold
07:06 Orc Burrow
09:02 Fortress
09:05 Spirit Lodge
10:02 Voodoo Lounge
» items
                
                | Healing Salve | 1 |  | 
| Lesser Clarity Potion | 1 |  | 
                2 total
  
               team 2 (loser) 
              
              
» 
aE.TeX (
green | 68 APM | 1017 actions | 14:53)
              
 3 Lich 
 2 Frost Nova
 1 Frost Armor
 1 Death Knight 
 1 Death Coil
 
                » actions 
                
                | Assign group hotkey | 20 |  | 
| Basic commands | 71 |  | 
| Build / train | 47 |  | 
| Enter build submenu | 13 |  | 
| Enter hero's abilities submenu | 4 |  | 
| Give item / drop item | 1 |  | 
| Right click | 447 |  | 
| Select / deselect | 165 |  | 
| Select group hotkey | 206 |  | 
| Use ability | 43 |  | 
                1017 total
 » units 
                
                | Acolyte | 2 |  | 
| Ghoul | 25 |  | 
| Obsidian Statue | 1 |  | 
                28 total
 » upgrades
                
                | Cannibalize | 1 |  | 
| Unholy Strength | 1 |  | 
| Ghoul Frenzy | 1 |  | 
| Web | 1 |  | 
                4 total
 » buildings
                
                | Crypt | 2 |  | 
| Ziggurat | 5 |  | 
| Altar of Darkness | 1 |  | 
| Tomb of Relics | 1 |  | 
| Nerubian Tower | 2 |  | 
| Halls of the Dead | 1 |  | 
| Graveyard | 1 |  | 
| Black Citadel | 1 |  | 
| Slaughterhouse | 1 |  | 
                15 total
 » build order
                00:10 Crypt
00:14 Ziggurat
00:35 Altar of Darkness
01:10 Tomb of Relics
01:19 Ziggurat
02:10 Nerubian Tower
03:45 Halls of the Dead
03:56 Graveyard
04:25 Ziggurat
06:21 Black Citadel
06:37 Crypt
09:51 Ziggurat
10:07 Ziggurat
12:19 Slaughterhouse
» items
                
                | Rod of Necromancy | 1 |  | 
| Potion of Mana | 1 |  | 
| Potion of Healing | 1 |  | 
| Scroll of Town Portal | 1 |  | 
                4 total
  
               
              
              
» 
CreepMerc (
orange | 82 APM | 1214 actions | 14:48)
              
 3 Mountain King 
 2 Storm Bolt
 1 Bash
 1 Paladin 
 1 Holy Light
 
                » actions 
                
                | Assign group hotkey | 44 |  | 
| Basic commands | 141 |  | 
| Build / train | 52 |  | 
| ESC pressed | 1 |  | 
| Enter build submenu | 22 |  | 
| Enter hero's abilities submenu | 4 |  | 
| Remove unit from queue | 2 |  | 
| Right click | 373 |  | 
| Select / deselect | 188 |  | 
| Select group hotkey | 335 |  | 
| Use ability | 52 |  | 
                1214 total
 » units 
                
                | Peasant | 14 |  | 
| Footman | 15 |  | 
| Priest | 1 |  | 
| Spell Breaker | 7 |  | 
                37 total
 » upgrades
                » buildings
                
                | Altar of Kings | 1 |  | 
| Farm | 9 |  | 
| Barracks | 2 |  | 
| Town Hall | 1 |  | 
| Keep | 1 |  | 
| Scout Tower | 1 |  | 
| Arcane Sanctum | 2 |  | 
| Arcane Vault | 1 |  | 
| Castle | 1 |  | 
| Blacksmith | 1 |  | 
                20 total
 » build order
                00:16 Altar of Kings
00:33 Farm
00:36 Barracks
01:04 Farm
01:38 Farm
01:49 Farm
03:37 Town Hall
04:58 Keep
06:17 Barracks
06:26 Farm
06:31 Farm
06:33 Scout Tower
07:26 Arcane Sanctum
08:09 Arcane Vault
09:49 Castle
10:07 Blacksmith
11:46 Arcane Sanctum
13:00 Farm
13:40 Farm
13:44 Farm
» items
                
                | Scroll of Regeneration | 1 |  | 
| Potion of Healing | 1 |  | 
| Potion of Mana | 1 |  | 
                3 total
  
                Chat log
          (00:09 / All) TALONSAREIMBA: Hope ur rdy to lose loser
(00:29 / All) CreepMerc: u suck dick with that mouth?
(00:37 / All) TALONSAREIMBA: More like do you lick clit?
(00:38 / All) TALONSAREIMBA: yes
(00:50 / All) CreepMerc: more like u live iwth ur parents
(00:57 / All) TALONSAREIMBA: Im 18 :\
(01:02 / All) CreepMerc: ya so stfu
(01:09 / All) TALONSAREIMBA: ur 21
(01:09 / All) Rush[yyz]: the key is control
(01:12 / All) TALONSAREIMBA: still livin with ya moms
(01:13 / All) TALONSAREIMBA: lmao!
(01:25 / All) CreepMerc: thats all good bro
(01:28 / All) CreepMerc: if she does ur laundry
(01:31 / All) CreepMerc: :)
(01:35 / All) TALONSAREIMBA: lmao..
(01:38 / All) TALONSAREIMBA: 21 still livin with moms.
(01:42 / All) TALONSAREIMBA: no excuse
(01:58 / All) TALONSAREIMBA: Just realize u dont have mh
(01:59 / All) CreepMerc: nah 21 is about doing drugs till u lose all ur memory
(02:00 / All) TALONSAREIMBA: this game
(02:11 / All) Rush[yyz]: that or start a career
(02:14 / All) TALONSAREIMBA: Lmao
(02:16 / All) TALONSAREIMBA: hahaha
(02:20 / All) CreepMerc: drugs r easier :)
(02:24 / All) TALONSAREIMBA: loser.
(02:34 / All) TALONSAREIMBA: u prolly dont even get pussy.
(02:48 / All) TALONSAREIMBA: Sweet doin drugs alone again!
(02:48 / All) CreepMerc: i have a child in 2 months
(02:53 / All) TALONSAREIMBA: i bet
(02:56 / All) TALONSAREIMBA: Adopting?
(02:58 / All) CreepMerc: if u bet
(03:00 / All) CreepMerc: u would lose
(03:11 / All) TALONSAREIMBA: do u read at an 8th grade level?
(03:14 / All) Rush[yyz]: my bros fat gf just beat up some dyke
(03:16 / All) Rush[yyz]: hahaha
(03:56 / All) TALONSAREIMBA: creepmerc is an uncle
(04:14 / Allies) TALONSAREIMBA: cant we do this
(04:15 / Allies) TALONSAREIMBA: with 2 grunts
(04:18 / Allies) Rush[yyz]: yea
(04:53 / Allies) TALONSAREIMBA: why did u aggro
(04:56 / Allies) TALONSAREIMBA: tt
(06:33 / Allies) TALONSAREIMBA: that was stupid
(06:34 / Allies) TALONSAREIMBA: as fuck
(07:41 / Allies) TALONSAREIMBA: oh wow
(07:46 / Allies) TALONSAREIMBA: look at this nigger
(08:37 / Allies) Rush[yyz]: b
(08:42 / All) TALONSAREIMBA: is green new?
(08:42 / Allies) Rush[yyz]: gonna orb bm
(08:43 / Allies) Rush[yyz]: n such
(08:55 / All) TALONSAREIMBA: cause that was terrible
(08:55 / Allies) Rush[yyz]: hh
(11:53 / All) TALONSAREIMBA: u new?
(11:58 / All) CreepMerc: he is ya
(11:59 / All) CreepMerc: i think so
(12:02 / All) CreepMerc: cuz he plays like shit
(12:05 / All) CreepMerc: game after game
(12:18 / All) TALONSAREIMBA: u got hexastomped son
(12:23 / All) CreepMerc: i got tex raped
(12:25 / All) CreepMerc: as usual
(12:29 / All) CreepMerc: might as well leave
(12:41 / All) CreepMerc: why the fuck
(12:47 / All) Rush[yyz]: i dont have a soul...
(14:45 / All) CreepMerc: lol at allie
(14:45 / All) CreepMerc: GG
(14:51 / All) TALONSAREIMBA: Lmao